 Dungeon Crawl Stone Soup version 0.31-a0-844-gdc52ec4e09 (webtiles) character file.

Game seed: 14020485972524708643

11 kae the Chopper (level 2, 26/26 HPs)
             Began as a Hill Orc Fighter on Sept 29, 2023.
             Was a Follower of Sif Muna.
             Quit the game on level 1 of the Dungeon.
             The game lasted 00:00:25 (274 turns).

kae the Chopper (Hill Orc Fighter)                   Turns: 274, Time: 00:00:25

Health: 26/26      AC:  6    Str: 18    XL:     2   Next: 25%
Magic:  2/2        EV:  9    Int:  8    God:    Sif Muna [*.....]
Gold:   27         SH:  4    Dex: 10    Spells: 1/1 levels left

rFire   . . .        a - +0 war axe
rCold   . . .        c - +0 buckler
rNeg    . . .        b - +0 scale mail
rPois   .            (no helmet)
rElec   .            (no cloak)
rCorr   .            (no gloves)
SInv    .            (no boots)
Will    .....        (no amulet) Stlth
                     (no ring)
HPRegen 0.24/turn    (no ring)
MPRegen 0.08/turn

%: no passive effects
@: no status effects
A: no striking features
a: Renounce Religion, Channel Magic


You were on level 1 of the Dungeon.
You worshipped Sif Muna.
Sif Muna was aware of your devotion.
You visited 1 branch of the dungeon, and saw 1 of its levels.

You collected 27 gold pieces.


   Skills:
 - Level 3.6 Fighting
 + Level 3.9 Axes
 - Level 3.2 Armour
 - Level 3.2 Shields


You had one spell level left.
You didn't know any spells.
Your spell library was empty.

Inventory:

Hand Weapons
 a - a +0 war axe (weapon)
Missiles
 e - 5 poisoned darts
Armour
 b - a +0 scale mail (worn)
 c - a +0 buckler (worn)
Potions
 d - a potion of might
 f - a potion of curing {unknown}
 g - a potion of heal wounds {unknown}

Dungeon Overview and Level Annotations

Branches:
Dungeon (1/15) Zot: 5717

Altars:
Sif Muna

Shops:
D:1

[ ...# ..... ....♣ ♣####
###....# ♣♣[...##....♣.♣.
.♣ ♣♣...............
.♣#......$~$...♣.♣
.#......~@$......
.......~~~.#.###
#............##..
#####.....###.......#
..........#..........
#.....#..########
#.....#..################
##....#..#...............
#.......#.............#.


There were no monsters in sight!


Message History

The hobgoblin hits you but does no damage. 😨 HP[+1] Unknown command.
You slash the hobgoblin!
You kill the hobgoblin!
Your Axes skill increases to level 3!
You see here a hobgoblin corpse.
e - 5 poisoned darts 😎 HP[+10]
Your hp is fully restored (19).
Unknown command.
A dart slug comes into view.
A dart slug is nearby!
Found an escape hatch in the floor.
The kobold shouts!
A dart slug is nearby!
You slash the dart slug! The dart slug launches a dart at you.
The slug dart hits you.
You hit the dart slug but do no damage. The dart slug barely misses you.
A dart slug is nearby!
You hit the dart slug.
You kill the dart slug!
No reachable target in view! 😕 HP[-3]
You take 3 damage, and now have 16/19 hp.
f - a dark potion No target in view!
No target in view!
g - an emerald potion 😎 HP[+3]
Your hp is fully restored (19).
You open the door. The rat bites you but does no damage.
There is an open door here.
Unknown command.
There are monsters nearby!
You slash the rat!
You kill the rat!
You slash the kobold!
You kill the kobold!
You have reached level 2! 😎 HP[+7] MP[+1]
You now have 26 max hp (+7).
Your hp is fully restored (26).
Your mp is fully restored (2).
You now have 26 gold pieces (gained 11).
There is an open door here.
A rat comes into view.
The rat twitches its whiskers.
A rat is nearby!
You block the rat's attack.
You barely miss the rat. The rat bites you. 😕 HP[-2]
You take 2 damage, and now have 24/26 hp.
A rat is nearby!
You hit the rat but do no damage. The rat bites you but does no damage.
You barely miss the rat. The rat bites you. The rat closely misses you.
A rat is nearby!
You barely miss the rat. You block the rat's attack.
You barely miss the rat. The rat bites you but does no damage.
A rat is nearby!
You slash the rat!
You kill the rat!
No target in view! 😕 HP[+1]
Found Hicsehor's Armour Shoppe. 😎 HP[+1]
Your hp is fully restored (26).
Unknown command.
There is an entrance to Hicsehor's Armour Shoppe here.
A dart slug comes into view.
Found 3 gold pieces.
Found a faded altar of an unknown god.
You hit the dart slug. The dart slug launches a dart at you.
The slug dart hits you. 😕 HP[-4]
You take 4 damage, and now have 22/26 hp.
You slash the dart slug! The dart slug barely misses you.
You hit the dart slug.
The dart slug bites you but does no damage.
You hit the dart slug.
You kill the dart slug!
No target in view! 😕 HP[+1] Unknown command. 😕 HP[+1] 😕 HP[+1]
There is an entrance to Hicsehor's Armour Shoppe here.
You can access your shopping list by pressing '$'. 😎 HP[+1]
Your hp is fully restored (26).
You enter the shallow water.
Moving in this stuff is going to be slow.
You now have 27 gold pieces (gained 1).
There is a faded altar of an unknown god here.
This altar belongs to (a) Qazlal, (b) Sif Muna or (c) Lugonu, but you can't tell which.
Press the corresponding letter to learn more about a god, or press enter to convert or escape to cancel.
Sif Muna accepts your prayer! Sif Muna welcomes you!
You can now call upon Sif Muna for magical energy.
Are you sure you want to abandon this character and quit the game? (Confirm with "yes".)

Skill      XL: |  1 |
---------------+----+-----
Axes           | 3 |  3.9
Fighting       | |  3.6
Armour         | |  3.2
Shields        | |  3.2

Action                     || total
---------------------------++-------
  Melee: War axe           ||    21
 Armour: Scale mail        ||    12
  Dodge: Dodged            ||     3
  Block: Buckler           ||     2

Levels and vault maps discovered:
D:1:      erik_arrival_cave_to_civilisation [erik_arrival_cave_to_hall],
          layout_rooms, serial_forest, infiniplex_forest_clump_medium,
          infiniplex_forest_corner_2, infiniplex_forest_lined_corner,
          infiniplex_forest_join, infiniplex_forest_side_room,
          infiniplex_forest_clump_tiny, infiniplex_forest_lined_ring,
          hellmonk_ecumenical_altar_pennies_from_heaven, serial_shops, shop,
          serial_bayou_pond_e

Notes
Turn   | Place    | Note
-------+----------+-------------------------------------------
     0 | D:1      | kae the Hill Orc Fighter began the quest for the Orb.
     0 | D:1      | Reached XP level 1. HP: 19/19 MP: 1/1
     0 | D:1      | magus.rc [v1.11.3]
    60 | D:1      | Reached skill level 3 in Axes
   179 | D:1      | Reached XP level 2. HP: 26/26 MP: 2/2
   214 | D:1      | Found Hicsehor's Armour Shoppe.
   237 | D:1      | Found a faded altar of an unknown god.
   273 | D:1      | Prayed at the altar of an unknown god.
   273 | D:1      | Became a worshipper of Sif Muna the Loreminder
   273 | D:1      | Reached * piety under Sif Muna
   274 | D:1      | Quit the game

Vanquished Creatures
  2 dart slugs (D:1)
  An endoplasm (D:1)
  A hobgoblin (D:1)
  A kobold (D:1)
  2 rats (D:1)
7 creatures vanquished.

Table legend:
 A = Non-vault XP
 B = Vault XP
 C = Vault XP percentage of total XP
 D = Non-vault monster count
 E = Vault monster count
 F = Vault count percentage of total count
                 A         B        C        D         E       F
            +---------+---------+-------+---------+---------+-------
      Total |      13 |       3 |  18.8 |       5 |       2 |  28.6
            +---------+---------+-------+---------+---------+-------
        D:1 |      13 |       3 |  18.8 |       5 |       2 |  28.6
            +---------+---------+-------+---------+---------+-------

Skill      XL: |  1 |
---------------+----+-----
Axes           | 3 |  3.9
Fighting       | |  3.6
Armour         | |  3.2
Shields        | |  3.2

Action                     || total
---------------------------++-------
  Melee: War axe           ||    21
 Armour: Scale mail        ||    12
  Dodge: Dodged            ||     3
  Block: Buckler           ||     2

Illustrated notes

Table legend:
 A = Kills in this place as a percentage of kills in the entire game.
 B = Kills by you in this place as a percentage of kills by you in the entire game.
 C = Kills by friends in this place as a percentage of kills by friends in the entire game.
 D = Other kills in this place as a percentage of other kills in the entire game.
 E = Experience gained in this place as a percentage of experience gained in the entire game.
 F = Experience gained in this place divided by the number of levels of this place that you have seen.
                   A       B       C       D       E      F
               +-------+-------+-------+-------+-------+----------------------
         Total | 100.0 | 100.0 |   N/A |   N/A | 100.0 |  16.0
       Dungeon | 100.0 | 100.0 |   N/A |   N/A | 100.0 |  16.0
               +-------+-------+-------+-------+-------+----------------------

Table legend: (Time is in decaauts)
 A = Elapsed time spent in this place.
 B = Non-inter-level travel time spent in this place.
 C = Inter-level travel time spent in this place.
 D = Time resting spent in this place.
 E = Time spent auto-exploring this place.
 F = Levels seen in this place.
 G = Mean time per level.
                   A        B        C        D        E       F      G
               +--------+--------+--------+--------+--------+-----+--------+
         Total |    282 |    282 |      0 |      0 |    200 |   1 |  282.0 |
       Dungeon |    282 |    282 |      0 |      0 |    200 |   1 |  282.0 |
               +--------+--------+--------+--------+--------+-----+--------+

Top non-repeatable levels by time:
     D:1: 282 daAuts
